cohdb
Replays
Latest Replays
All Replays
Popular Replays
Top Player Replays
Match Explorer
How It Works
Community
CoH3 Stats
Reddit
Sign in to upload your games and track your stats! →
Sign in with Steam
Match 41692474
Unlisted
Match 41692474
Overview
Messages
Build Orders
End
Construct Section Command Post
Royal Engineer Section
Selects Canadian Shock Battlegroup
Infantry Section
Vickers Machine Gun Team
Infantry Section
Construct Platoon Command Post
ML 3-inch Mortar Team
Humber Armored Car
Construct Field Infirmary
Selects Attacking Spirit
Selects Canadian Shock Section
Selects Smoke Operation
Selects Incendiary Munitions
6-pounder Anti-tank Gun Team
Canadian Shock Section
Infantry Section
Grenade Package
Construct Company Command Post
Selects Pyrotechnics
Crusader II Medium Tank
Smoke Operation
Selects Churchill Crocodile Heavy Tank
Smoke Operation
Sarmynation
PoppaMies
0
0
Comments
sign in to comment!
No comments posted yet!